Map: Emerald City LE

Players

Suede - Winner!

  • Race: Zerg Zerg
  • League: Diamond
  • Spawn Location: 11:00

Velvet - Winner!

  • Race: Protoss Protoss
  • Spawn Location: 11:00

OpuS

  • Race: Protoss Protoss
  • League: Platinum
  • Spawn Location: 5:00

Sketchaphone

  • Race: Zerg Zerg
  • League: Platinum
  • Spawn Location: 5:00

VOD

Have the link to the VOD?

Description

Time

  • Played on: Feb. 18, 2019, 10:02 p.m.
  • Length: 16:25
Show
View Real Time Build Order
Export as new Build Order

Suede Zerg - Winner!

Build Orders: Pool First, Ravager All-In 

Get SALT Encoding   

  12  0:01  Drone  
  13  0:08  Drone  
  14  0:16  Overlord  
  14  0:25  Extractor  
  14  0:26  Drone  
  15  0:35  Drone x2  
  17  0:44  Drone  
  17  0:48  Extractor  
  17  0:55  Drone  
  18  0:59  Spawning Pool  
  17  1:06  Drone  
  18  1:16  Drone  
  19  1:25  Hatchery  
  18  1:27  Drone  
  19  1:40  Drone  
  19  1:45  Queen  
  22  1:50  Overlord  
  22  2:11  Drone  
  22  2:12  Drone  
  22  2:13  Roach Warren  
  23  2:19  Extractor  
  23  2:21  Queen  
  24  2:28  Drone  
  25  2:30  Evolution Chamber  
  25  2:31  Drone  
  25  2:38  Drone  
  26  2:45  Drone  
  26  2:47  Queen  
  29  2:53  Overlord  
  29  3:00  Zerg Missile Weapons Level 1  
  29  3:05  Roach  
  31  3:09  Roach  
  33  3:14  Roach  
  33  3:19  Roach  
  37  3:28  Roach  
  37  3:29  Roach  
  41  3:35  Roach  
  41  3:39  Overlord  
  43  3:42  Drone  
  44  3:51  Lair  
  44  3:57  Roach  
  44  3:59  Roach  
  48  4:11  Overlord x2  
  48  4:14  Overlord  
  48  4:29  Overlord x2  
  50  4:31  Roach  
  50  4:38  Spore Crawler  
  50  4:45  Drone x4  
  53  4:53  Ravager  
  53  4:54  Ravager x4  
  53  4:56  Zergling x4  
  53  4:59  Drone  
  61  5:02  Drone  
  62  5:07  Overlord  
  62  5:22  Drone x3  
  62  5:23  Drone x3  
  68  5:36  Drone x6  
  68  5:42  Drone x2  
  76  5:52  Zerg Missile Weapons Level 2  
  76  5:56  Extractor  
  75  5:57  Spore Crawler  
  75  5:59  Extractor  
  75  6:02  Roach x3  
  76  6:07  Roach x2  
  78  6:13  Roach x3  
  78  6:17  Roach  
  77  6:18  Overlord  
  77  6:21  Roach  
  70  6:27  Roach  
  68  6:36  Roach x4  
  76  6:40  Queen  
  76  6:42  Roach  
  76  6:44  Roach  
  82  6:49  Roach x2  
  82  6:52  Roach  
  88  6:55  Roach  
  88  7:00  Overlord  
  90  7:16  Overlord x3  
  90  7:36  Roach x3  
  92  7:38  Overlord x5  
  92  7:50  Overlord x3  
  92  8:11  Ravager x5  
  92  8:12  Ravager x6, Hatchery  
  102  8:14  Drone  
  103  8:23  Drone x2  
  105  8:34  Roach x5  
  111  8:37  Drone x2  
  111  8:40  Drone  
  118  8:48  Drone x2  
  118  8:49  Drone x2  
  122  9:00  Roach x3  
  122  9:01  Roach  
  127  9:06  Roach x2  
  128  9:17  Roach x3  
  128  9:21  Hydralisk Den  
  133  9:25  Drone x2  
  135  9:43  Roach, Drone  
  135  9:44  Roach x2  
  139  9:53  Drone x5  
  139  9:54  Drone x4  
  146  10:05  Drone x2  
  146  10:06  Spine Crawler  
  147  10:07  Extractor  
  147  10:09  Overlord x2  
  147  10:10  Extractor  
  145  10:14  Grooved Spines, Hydralisk  
  145  10:18  Hydralisk  
  149  10:21  Hydralisk  
  149  10:22  Hydralisk  
  149  10:25  Hydralisk  
  155  10:30  Drone x3  
  158  10:38  Hydralisk x3  
  158  10:39  Hydralisk  
  166  10:49  Hydralisk x3  
  168  10:50  Hydralisk  
  168  10:53  Hydralisk  
  168  10:54  Overlord  
  176  10:59  Nydus Network, Drone  
  176  11:05  Zerg Ground Armor Level 1  
  176  11:06  Infestation Pit  
  166  11:20  Hydralisk x3  
  166  11:23  Hydralisk x4  
  153  11:30  Hydralisk  
  135  11:33  Hydralisk  
  135  11:37  Drone  
  135  11:39  Hydralisk  
  107  11:41  Hydralisk  
  109  11:51  Hydralisk  
  109  11:52  Hydralisk x2  
  109  11:53  Overlord, Zergling x2  
  116  11:55  Hatchery  
  116  11:56  Hydralisk  
  117  12:03  Queen  
  117  12:07  Muscular Augments  
  117  12:08  Hydralisk x2  
  123  12:16  Hydralisk x3  
  123  12:21  Drone x3  
  123  12:22  Drone  
  133  12:23  Drone  
  133  12:27  Nydus Canal, Hydralisk  
  136  12:34  Hydralisk  
  136  12:35  Hydralisk x2  
  142  12:37  Hydralisk  
  142  12:38  Zergling x2  
  142  12:39  Zergling x2  
  142  12:41  Drone  
  142  12:42  Drone  
  148  12:49  Nydus Canal  
  148  12:58  Roach x6  
  152  12:59  Roach x2  
  152  13:03  Hive  
  164  13:08  Evolution Chamber  
  162  13:25  Roach x2  
  166  13:31  Roach x2  
  166  13:32  Roach x4  
  168  13:37  Hydralisk x3  
  170  13:54  Overlord x4  
  170  13:55  Overlord x4  
  168  14:13  Overlord  
  168  14:14  Overlord x3  
  168  14:23  Zergling x2  
  168  14:24  Roach x2  
  173  14:31  Drone  
  173  14:32  Drone x2  
  176  14:46  Hydralisk x3  
  176  14:50  Overlord  
  176  14:52  Hydralisk  
  169  14:57  Drone x2  
  169  14:58  Drone  
  163  15:13  Spore Crawler  
  163  15:14  Spore Crawler x2, Drone  
  127  15:16  Spore Crawler  
  92  15:30  Roach  
  92  15:31  Roach x2  
  92  15:35  Roach  
  96  15:36  Overseer  
  84  15:54  Overseer x3  
  76  15:58  Hydralisk x3  
  76  15:59  Hydralisk  
  84  16:10  Drone x2  
  84  16:11  Drone x5  
Show
View Real Time Build Order
Export as new Build Order

Velvet Protoss - Winner!

Build Orders:  

Get SALT Encoding   

  12  0:01  Probe  
  13  0:16  Pylon  
  13  0:24  Probe  
  14  0:35  Gateway  
  14  0:40  Assimilator  
  14  0:45  Probe  
  15  0:58  Probe  
  16  1:10  Probe  
  17  1:30  Cybernetics Core  
  17  1:34  Gateway  
  17  1:36  Probe, Gateway  
  17  1:37  Warp Gate  
  18  1:55  Assimilator  
  18  2:09  Adept  
  18  2:11  Probe  
  21  2:22  Adept  
  23  2:27  Pylon  
  23  2:36  Pylon  
  23  2:45  Probe  
  24  2:57  Probe  
  25  3:00  Robotics Facility  
  25  3:09  Probe  
  26  3:25  Adept x3  
  32  3:31  Probe  
  33  3:45  Nexus  
  33  3:52  Observer  
  34  4:04  Immortal  
  38  4:29  Pylon x2  
  38  4:30  Pylon  
  38  4:47  Stalker x3  
  44  5:00  Observer  
  44  5:05  Probe  
  44  5:10  Probe  
  44  5:13  Probe  
  46  5:18  Probe  
  47  5:23  Probe  
  47  5:28  Probe  
  49  5:35  Probe  
  51  5:36  Immortal  
  51  5:40  Probe  
  56  5:46  Pylon  
  56  5:47  Probe  
  57  5:52  Probe  
  57  5:56  Forge  
  58  5:59  Probe  
  59  6:04  Probe  
  60  6:11  Protoss Ground Weapons Level 1, Probe  
  60  6:14  Twilight Council  
  60  6:17  Adept x3  
  67  6:20  Probe  
  67  6:24  Assimilator  
  68  6:27  Assimilator  
  68  6:28  Probe x2  
  69  6:38  Probe  
  70  6:40  Probe  
  72  6:47  Robotics Bay  
  72  6:50  Resonating Glaives  
  72  6:59  Adept x3  
  64  7:37  Immortal  
  68  7:44  Extended Thermal Lance, Robotics Facility  
  68  7:46  Pylon  
  68  7:51  Forge  
  68  7:54  Pylon, Probe  
  68  7:56  Pylon  
  68  7:58  Pylon  
  69  7:59  Pylon  
  69  8:01  Protoss Ground Weapons Level 2  
  69  8:02  Probe  
  69  8:10  Probe  
  70  8:14  Protoss Ground Armor Level 1  
  71  8:22  Probe  
  71  8:23  Nexus  
  71  8:26  Pylon  
  72  8:29  Pylon  
  72  8:30  Charge  
  72  8:37  Colossus x2  
  79  8:52  Adept x2  
  79  8:53  Adept  
  85  9:19  Gateway  
  85  9:23  Gateway  
  85  9:25  Gateway  
  85  9:27  Stalker x3  
  91  9:36  Colossus  
  77  10:03  Stalker x3  
  80  10:12  Colossus  
  86  10:17  Stalker x2  
  86  10:21  Stalker  
  92  10:29  Colossus  
  96  10:46  Stalker x4  
  96  10:47  Stalker  
  105  10:58  Stalker  
  107  11:12  Stalker x4  
  107  11:13  Protoss Ground Weapons Level 3  
  107  11:17  Probe  
  116  11:29  Probe  
  117  11:43  Probe  
  117  11:45  Assimilator  
  118  11:47  Assimilator  
  118  11:51  Probe  
  118  11:59  Stalker  
  118  12:00  Stalker x2  
  118  12:01  Probe  
  120  12:13  Probe  
  111  12:31  Stalker x6  
  89  12:40  Protoss Ground Armor Level 2  
  73  12:52  Probe  
  74  13:00  Stalker x3, Probe  
  74  13:01  Stalker x3  
  87  13:10  Probe  
  83  13:13  Colossus  
  83  13:16  Colossus  
  84  13:22  Probe  
  97  13:48  Nexus  
  97  13:49  Pylon  
  97  13:53  Pylon  
  97  13:54  Blink  
  97  14:16  Stalker x2  
  97  14:17  Stalker x4  
  109  14:31  Protoss Shields Level 1  
  109  14:34  Immortal  
  109  14:35  Immortal  
  117  14:41  Zealot x3  
  117  14:42  Zealot x3  
  127  15:12  Stalker x3  
  127  15:13  Stalker x3  
  139  15:18  Observer  
  139  15:31  Photon Cannon  
  139  15:34  Photon Cannon  
  139  15:42  Observer x2  
  141  15:50  Zealot x6  
  153  16:11  Stalker x6  
Show
View Real Time Build Order
Export as new Build Order

OpuS Protoss 

Build Orders:  

Get SALT Encoding   

  12  0:01  Probe  
  13  0:13  Probe  
  14  0:18  Pylon  
  14  0:25  Probe  
  15  0:37  Probe, Gateway  
  16  0:48  Probe  
  17  0:56  Probe, Assimilator  
  17  0:58  Assimilator  
  18  1:04  Probe  
  19  1:11  Gateway  
  19  1:15  Probe  
  20  1:23  Probe  
  20  1:25  Pylon  
  21  1:37  Cybernetics Core  
  21  1:42  Probe  
  22  2:02  Pylon  
  22  2:14  Warp Gate, Forge  
  22  2:16  Zealot x2  
  26  2:25  Gateway  
  26  2:32  Pylon  
  26  2:42  Stalker  
  28  2:48  Pylon  
  28  3:05  Pylon  
  28  3:10  Photon Cannon  
  27  3:15  Shield Battery  
  27  3:20  Shield Battery  
  27  3:27  Probe  
  27  3:28  Photon Cannon  
  28  3:35  Probe  
  29  4:01  Protoss Ground Weapons Level 1  
  29  4:02  Zealot  
  31  4:03  Zealot  
  31  4:04  Zealot  
  35  4:29  Nexus  
  35  4:40  Sentry x3  
  41  4:54  Gateway  
  41  5:02  Pylon  
  41  5:20  Stalker x2  
  45  5:23  Stalker  
  47  5:41  Shield Battery  
  47  5:42  Shield Battery  
  47  5:48  Photon Cannon  
  47  5:54  Probe x2  
  49  6:12  Pylon  
  49  6:25  Stalker x3  
  49  6:30  Stalker  
  53  6:35  Probe  
  53  6:36  Probe  
  55  6:47  Twilight Council  
  55  6:50  Probe  
  55  6:51  Probe  
  57  7:06  Probe x2  
  51  7:34  Stalker x3  
  51  7:35  Stalker  
  53  7:37  Twilight Council  
  53  7:39  Stargate  
  53  7:41  Probe x2  
  43  7:54  Gateway  
  43  7:56  Gateway  
  43  7:58  Sentry x4  
  51  8:05  Probe  
  51  8:06  Probe  
  53  8:16  Void Ray  
  53  8:17  Pylon, Probe  
  53  8:18  Probe  
  59  8:30  Stalker  
  59  8:31  Stalker  
  59  8:33  Charge  
  63  8:34  Sentry  
  63  8:41  Probe x2  
  67  8:53  Probe  
  68  9:03  Stalker x2  
  68  9:05  Probe x2  
  68  9:07  Assimilator  
  74  9:10  Stalker  
  74  9:11  Assimilator  
  76  9:17  Probe x2  
  78  9:26  Pylon  
  78  9:28  Pylon  
  78  9:31  Gateway  
  78  9:36  Gateway  
  78  9:46  Void Ray  
  54  10:16  Stalker x4  
  54  10:17  Stalker  
  54  10:20  Stalker  
  66  10:27  Void Ray  
  66  10:30  Stalker  
  72  10:59  Stalker  
  72  11:00  Stalker x3  
  76  11:04  Nexus  
  76  11:10  Pylon  
  72  11:27  Stalker x4  
  74  11:38  Probe x2  
  70  11:43  Void Ray  
  74  11:52  Stargate  
  74  11:58  Stalker  
  76  12:11  Zealot x5  
  86  12:21  Zealot x2  
  64  12:37  Zealot x4  
  64  12:38  Zealot x3  
  74  12:47  Probe x3  
  77  12:57  Templar Archives  
  77  12:59  Probe x2  
  77  13:02  Probe  
  80  13:06  Pylon  
  70  13:15  Zealot x4  
  76  13:25  Zealot  
  76  13:26  Zealot  
  78  13:30  Dark Shrine  
  68  13:46  Probe x2  
  71  13:48  Gateway  
  71  13:53  Assimilator  
  60  13:58  Assimilator  
  60  14:01  Pylon  
  58  14:03  Pylon  
  37  14:19  Gateway  
  30  14:49  Dark Templar  
  30  14:50  Dark Templar x5  
  30  14:51  Dark Templar  
  30  15:16  Dark Templar  
Show
View Real Time Build Order
Export as new Build Order

Sketchaphone Zerg 

Build Orders: Pool First 

Get SALT Encoding   

  12  0:01  Drone  
  13  0:12  Overlord  
  13  0:17  Drone  
  14  0:28  Drone, Extractor  
  14  0:31  Drone  
  14  0:34  Drone  
  17  0:48  Spawning Pool  
  17  0:50  Drone  
  17  0:54  Extractor  
  17  0:55  Drone  
  17  1:23  Drone  
  18  1:27  Hatchery  
  18  1:31  Drone x2  
  19  1:39  Overlord  
  19  1:45  Queen  
  21  1:50  Zergling x2  
  22  2:00  Zergling x2  
  23  2:16  Zergling x2  
  23  2:21  Zergling x2  
  25  2:26  Metabolic Boost  
  25  2:32  Evolution Chamber, Drone  
  25  2:46  Baneling Nest  
  25  2:47  Zergling x4  
  26  2:54  Overlord  
  26  2:55  Overlord  
  26  2:57  Zergling x4  
  28  3:05  Overlord  
  28  3:10  Zergling x2  
  28  3:11  Drone  
  28  3:12  Drone  
  31  3:19  Drone  
  32  3:22  Zergling x2  
  33  3:28  Zerg Ground Armor Level 1  
  33  3:30  Zergling x2  
  34  3:40  Queen  
  36  3:43  Zergling x2  
  36  3:45  Drone  
  36  3:46  Baneling  
  36  3:47  Baneling  
  38  3:51  Zergling x2  
  39  4:02  Drone x2  
  41  4:06  Drone x2  
  43  4:25  Extractor  
  43  4:28  Drone x2  
  44  4:35  Hatchery  
  44  4:38  Zergling x8  
  44  4:43  Drone  
  47  4:45  Drone  
  47  4:46  Drone  
  47  4:52  Zergling x4  
  51  4:56  Drone  
  51  4:59  Pneumatized Carapace  
  52  5:14  Zergling x4  
  52  5:15  Zergling x6  
  55  5:23  Zerg Melee Weapons Level 1, Baneling  
  55  5:24  Baneling  
  56  5:28  Zergling x6  
  56  5:29  Overlord  
  56  5:33  Overlord  
  57  5:40  Overlord  
  57  5:48  Zergling x8  
  57  5:49  Drone  
  56  6:23  Drone  
  57  6:26  Drone x4  
  57  6:27  Queen  
  57  6:28  Drone x3  
  57  6:31  Lair  
  66  6:34  Zergling x8  
  66  6:35  Evolution Chamber  
  69  6:43  Zergling x8  
  69  6:44  Zergling x2  
  74  7:03  Queen  
  76  7:15  Overlord  
  75  7:18  Zergling x12  
  78  7:34  Zergling x12  
  78  7:35  Zergling x6  
  76  7:44  Zerg Melee Weapons Level 2  
  76  7:46  Zerg Ground Armor Level 2  
  76  7:52  Hydralisk Den  
  75  7:58  Zergling x14  
  75  8:00  Zergling x2  
  83  8:09  Overlord x2  
  83  8:10  Overlord  
  82  8:13  Overlord  
  82  8:17  Zergling x4  
  84  8:21  Extractor  
  84  8:22  Drone x2  
  84  8:23  Extractor  
  84  8:35  Zergling x12  
  84  8:36  Zergling x2  
  82  8:50  Zergling x16  
  83  8:57  Zergling x2  
  80  9:06  Spire  
  75  9:39  Hatchery  
  55  9:46  Zergling x24  
  55  9:49  Zergling x2  
  57  10:19  Mutalisk x5  
  57  10:20  Mutalisk  
  69  10:22  Zerg Flyer Weapons Level 1  
  69  10:23  Mutalisk  
  70  10:40  Mutalisk  
  70  10:41  Mutalisk x2  
  77  10:42  Zergling x2  
  76  10:55  Mutalisk  
  76  10:56  Mutalisk  
  76  10:57  Infestation Pit  
  79  11:04  Mutalisk  
  79  11:06  Overlord x2  
  71  11:34  Mutalisk  
  71  11:35  Mutalisk x2  
  77  11:46  Zergling x12, Mutalisk  
  85  11:53  Corruptor  
  85  12:18  Zergling x10  
  83  12:35  Mutalisk x3  
  81  12:37  Zerg Flyer Weapons Level 2  
  79  12:47  Mutalisk  
  76  12:58  Zergling x6  
  76  13:02  Centrifical Hooks  
  76  13:04  Zergling x2  
  76  13:15  Zergling x2  
  76  13:16  Zergling x12  
  77  13:28  Zergling x4  
  77  13:29  Baneling x4  
  68  13:43  Zergling x2  
  68  13:49  Overlord  
  68  13:55  Mutalisk  
  67  14:01  Baneling x14  
  67  14:19  Overlord  
  67  14:37  Overlord x2  
  65  14:44  Zergling x2  
  29  15:28  Mutalisk  
  29  15:29  Mutalisk  
  33  15:58  Zergling x4  
  35  16:05  Drone  
  36  16:12  Overseer  
Tags
 
Add a new tag
Caveats
  • Supply blocks, unpowered buildings, or Contaminate may cause inaccurate times.
  • Supply counts are checked every 10 seconds.